 Dungeon Crawl Stone Soup version 0.29.1-4-g47bece8355 (webtiles) character file.

Game seed: 12239120740812629191

60 ChadusMaximus the Caller (level 3, -3/19 HPs)
             Began as a Deep Elf Summoner on Dec 3, 2022.
             Slain by a gnoll
             ... wielding a +0 halberd
              (8 damage)
             ... on level 2 of the Dungeon.
             The game lasted 00:03:37 (2009 turns).

ChadusMaximus the Caller (Deep Elf Summoner)        Turns: 2009, Time: 00:03:37

Health: -3/19      AC:  6    Str:  5    XL:     3   Next: 80%
Magic:  3/10       EV: 12    Int: 21    God:
Gold:   92         SH:  0    Dex: 15    Spells: 5/9 levels left

rFire   . . .      SeeInvis .   f - +0 hand axe
rCold   . . .      Faith    .   (no shield)
rNeg    . . .      Spirit   .   c - +0 leather armour
rPois   .          Reflect  .   (no helmet)
rElec   .          Harm     .   (no cloak)
rCorr   .          Rampage  .   m - +2 pair of gloves
Will    .....                   (no boots)
Stlth   ++........              (no amulet)
HPRegen 0.06/turn               (no ring)
MPRegen 0.12/turn               (no ring)

@: no status effects
A: no striking features
a: no special abilities


You were on level 2 of the Dungeon.
You visited 1 branch of the dungeon, and saw 2 of its levels.

You collected 92 gold pieces.

Inventory:

Hand Weapons
 f - a +0 hand axe (weapon)
Armour
 a - a +0 robe
 c - a +0 leather armour (worn)
 m - a +2 pair of gloves (worn)
Scrolls
 d - a scroll of vulnerability {unknown}
 h - a scroll of teleportation {unknown}
 j - a scroll of enchant weapon {unknown}
 l - a scroll of identify {unknown}
Potions
 b - a potion of magic
 e - a potion of might {unknown}
 g - 2 potions of heal wounds {unknown}
 i - a potion of curing {unknown}
 k - a potion of lignification {unknown}


   Skills:
 - Level 2.7 Dodging
 + Level 3.4 Stealth
 + Level 3.8 Spellcasting
 * Level 5.1 Summonings


You had 5 spell levels left.
You knew the following spells:

 Your Spells              Type           Power      Damage    Failure   Level
a - Summon Small Mammal   Summ           100%       N/A       2%          1
b - Call Canine Familiar  Summ           25%        N/A       8%          3

Your spell library contained the following spells:

 Spells                   Type           Power      Damage    Failure   Level
 Call Imp                 Summ           25%        N/A       3%          2
 Summon Guardian Golem    Hex/Summ       14%        N/A       22%         3
 Summon Lightning Spire   Summ/Air       14%        N/A       56%         4


Dungeon Overview and Level Annotations

Branches:
Dungeon (2/15)

Altars:


Message History

Your bat hits the gnoll but does no damage.
Something hits your bat.
Your bat dies!
Your bat's corpse disappears in a puff of smoke!
Something barely misses your hound.
There is an open door here.
Casting: Call Canine Familiar (extremely dangerous; 8% risk of failure)
Confirm with . or Enter, or press ? or * to list all spells.
You don't know that spell.
Casting: Call Canine Familiar (extremely dangerous; 8% risk of failure)
Confirm with . or Enter, or press ? or * to list all spells.
You don't know that spell.
Casting: Call Canine Familiar (extremely dangerous; 8% risk of failure)
Confirm with . or Enter, or press ? or * to list all spells.
You don't know that spell.
Casting: Call Canine Familiar (extremely dangerous; 8% risk of failure)
Confirm with . or Enter, or press ? or * to list all spells.
You don't know that spell.
Unknown command.
A gnoll is nearby!
Unknown command.
Casting: Call Canine Familiar (extremely dangerous; 8% risk of failure)
Confirm with . or Enter, or press ? or * to list all spells.
The spell is extremely dangerous to miscast (8% risk of failure)!
Continue anyway? [Y]es or [N]o only, please.
The spell is extremely dangerous to miscast (8% risk of failure)!
Continue anyway?
Okay, then.
Casting: Call Canine Familiar (extremely dangerous; 8% risk of failure)
Confirm with . or Enter, or press ? or * to list all spells.
You don't know that spell.
Casting: Call Canine Familiar (extremely dangerous; 8% risk of failure)
Confirm with . or Enter, or press ? or * to list all spells.
Okay, then.
Casting: Call Canine Familiar (extremely dangerous; 8% risk of failure)
Confirm with . or Enter, or press ? or * to list all spells.
You don't know that spell.
Casting: Call Canine Familiar (extremely dangerous; 8% risk of failure)
Confirm with . or Enter, or press ? or * to list all spells.
The gnoll hits you from afar with a +0 halberd!
You die...

#.....###....#
##...##.#
#....§.......#
#...# #.)
#..#.#.#.#.#.#
...## ##.
#..........).###
#.## #.
.?#..#.#.#.#...#
#. #....
.###.......##..#
### #..... #
#.#.#.#.##.##♣r.♣#
#..###.
#.......##.g#....#
#..#/#.
..#########.h@♣
#..###. #.#♣.♣
#...... ### ♣.♣
.##..># ##


You could see a gnoll (ally target), a friendly hound (summoned) and a friendly
quokka (summoned).

Vanquished Creatures
  A dart slug (D:1)
  3 ball pythons
  2 endoplasms (D:1)
  3 jackals (D:1)
  2 kobolds
  A bat (D:2)
  2 rats (D:1)
14 creatures vanquished.

Vanquished Creatures (collateral kills)
  An adder (D:2)
  2 gnolls (D:2)
  A dart slug (D:1)
  A ball python (D:1)
  An endoplasm (D:1)
  A giant cockroach (D:1)
  A hobgoblin (D:1)
  3 kobolds
  A quokka (D:1)
  A bat (D:2)
  A frilled lizard (D:1)
14 creatures vanquished.

Grand Total: 28 creatures vanquished

Notes
Turn   | Place    | Note
-------+----------+-------------------------------------------
     0 | D:1      | ChadusMaximus the Deep Elf Summoner began the quest for the
                  | Orb.
     0 | D:1      | Reached XP level 1. HP: 10/10 MP: 6/6
    17 | D:1      | Found a faded altar of an unknown god.
   366 | D:1      | Reached XP level 2. HP: 5/15 MP: 5/8
  1812 | D:2      | Reached XP level 3. HP: 8/19 MP: 8/10
  1822 | D:2      | Learned a level 3 spell: Call Canine Familiar
  1981 | D:2      | Reached skill level 5 in Summonings
  2009 | D:2      | Slain by a gnoll

Illustrated notes

Levels and vault maps discovered:
D:1:      lemuel_arrival_broad_hall, layout_basic,
          hellmonk_ecumenical_altar_arch_garden, minmay_misc_feat_square
D:2:      layout_rooms, serial_glass, glass_columns_a, glass_columns_b,
          glass_columns_c, glass_columns_b, glass_columns_a, glass_columns_b,
          glass_columns_a, glass_columns_a, minmay_strange_pillars,
          item_on_display_a, grunt_ministairs_12, chequers_arboretum,
          chequers_serial_rivers_small_a, guppyfry_early_lair_pool

Skill      XL: |  1  2  3 |
---------------+----------+-----
Stealth        | 3 |  3.4
Summonings     | 5 |  5.1
Dodging        | |  2.7
Spellcasting   | |  3.8

Action                   || total
-------------------------++-------
Melee: Unarmed           ||    11
       Punch             ||     1
       Hand axe          ||    42
 Cast: Summon Small Mamm ||    31
       Call Canine Famil ||     3
 Stab: Sleeping          ||     3
       Distracted        ||     1
Armor: Leather armour    ||    28
Dodge: Dodged            ||    60
